 Dungeon Crawl Stone Soup version 0.22-a0-271-gc000056 (webtiles) character file.

3272 Firecrotchwizard the Martial Artist (level 10, -7/55 HPs)
             Began as a Vine Stalker Monk on Mar 10, 2018.
             Was an Elder of Makhleb.
             Mangled by a storm dragon (9 damage)
             ... on level 9 of the Dungeon.
             The game lasted 00:16:25 (7815 turns).

Firecrotchwizard the Martial Artist (VSMo)          Turns: 7815, Time: 00:16:25

Health: -7/55      AC:  8    Str: 11    XL:     10   Next: 0%
Magic:  0/14       EV: 12    Int: 12    God:    Makhleb [****..]
Gold:   216        SH:  0    Dex: 18    Spells: 9/9 levels left

rFire    + . .     SeeInvis +     - Unarmed
rCold    x . .     Gourm    .   (no shield)
rNeg     + + +     Faith    .   m - +0 ring mail
rPois    .         Spirit   +   l - +0 helmet
rElec    .         Reflect  .   i - +0 cloak
rCorr    .         Harm     .   o - +0 pair of gloves
MR       +....                  (no boots)
Stlth    ++........             (no amulet)
HPRegen  0.98/turn              w - ring "Wucung" {Fire rN+++ Str-5 Slay+5}
MPRegen  0.14/turn              B - +3 ring of slaying

@: no status effects
A: fangs 3, see invisible, clever 1, regeneration 2, magic shield, antimagic
bite, no potion heal 3, rot immunity
a: Minor Destruction, Lesser Servant of Makhleb, Major Destruction, Renounce
Religion


You were on level 9 of the Dungeon.
You worshipped Makhleb.
Makhleb was greatly pleased with you.
You were not hungry.

You visited 1 branch of the dungeon, and saw 9 of its levels.

You collected 458 gold pieces.
You spent 242 gold pieces at shops.

Inventory:

Missiles
 r - 7 curare-tipped needles
Armour
 i - a +0 cloak (worn)
   (You found it on level 1 of the Dungeon)
 l - a +0 helmet (worn)
   (You took it off Robin on level 3 of the Dungeon)
 m - a +0 ring mail (worn)
   (You took it off a kobold on level 3 of the Dungeon)
 o - a +0 pair of gloves (worn)
   (You found it on level 3 of the Dungeon)
Magical Staves
 z - an uncursed staff of poison {unknown}
   (You found it on level 8 of the Dungeon)
Jewellery
 w - the ring "Wucung" (left hand) {Fire rN+++ Str-5 Slay+5}
   (You found it on level 6 of the Dungeon)

   [ring of fire]

   It enhances your fire magic.
   It affects your strength (-5).
   It affects your accuracy and damage with ranged weapons and melee attacks
   (+5).
   It protects you from fire.
   It makes you vulnerable to cold.
   It renders you almost immune to negative energy.
 B - a +3 ring of slaying (right hand)
   (You found it on level 8 of the Dungeon)
Wands
 j - a wand of random effects (19)
   (You found it on level 9 of the Dungeon)
 A - a wand of paralysis (9)
   (You found it on level 8 of the Dungeon)
Scrolls
 c - 4 scrolls of fog {unknown}
 d - 5 scrolls of remove curse
 f - 5 scrolls of identify
 g - 5 scrolls of teleportation
 n - a scroll of amnesia {unknown}
 s - a scroll of fear {unknown}
 t - 2 scrolls of immolation {unknown}
 u - 2 scrolls of random uselessness {unknown}
 v - 2 scrolls of enchant armour {unknown}
Potions
 a - 2 potions of heal wounds {unknown}
 e - a potion of mutation {!q}
 h - 3 potions of lignification {!q}
 p - a potion of degeneration {unknown}
 q - a potion of flight {unknown}
 x - a potion of magic {unknown}
Comestibles
 b - 15 rations {@e1}


   Skills:
 + Level 7.6 Fighting
 + Level 3.9 Dodging
 - Level 2.4 Stealth
 - Level 10.0 Unarmed Combat
 + Level 4.7 Invocations


You had 9 spell levels left.
You didn't know any spells.

Dungeon Overview and Level Annotations

Branches:
Dungeon (9/15)             Temple (0/1) D:6            Lair (0/6) D:8
    Orc: D:9-12

Altars:
Ashenzari
Dithmenos
Elyvilon
Makhleb
Qazlal
Vehumet

Shops:
D:8 *?

Annotations:
D:2 exclusion: Sigmund, Sigmund
D:3 exclusion: Terence, Terence
D:5 exclusion: orc priest
D:6 Edmund
D:9 exclusions: electric eel and orc


Innate Abilities, Weirdness & Mutations

You have razor-sharp teeth.
You heal very quickly.
When hurt, damage is shared between your health and your magic reserves.
Your bite disrupts and absorbs the magic of your enemies.
Potions cannot restore your health.
You are immune to rotting.
You have supernaturally acute eyesight. (SInv)
Your mind is acute. (Int +2)


Message History

The centaur barely misses you.
You see here an arrow.
You barely miss the centaur. The centaur hits you!
You take 5 damage, and have 40/50 hp.
You now have 8/12 mp.
You punch the centaur!
You kill the centaur!
Makhleb accepts your kill.
You feel better.
Your Invocations skill increases to level 4!
The hound bites you but does no damage.
You regained 6 hp, and now have 46/50 hp.
You punch the hound! Your bite misses the hound. The hound bites you.
You take 3 damage, and have 43/50 hp.
You hit the hound.
You kill the hound!
Makhleb accepts your kill.
No target in view!
You start resting.
Health restored: 50; MP restored: 13
Things that are here:
an uncursed shortbow; 16 arrows You now have 216 gold pieces (gained 19).
All of the chunks of flesh in your inventory have rotted away.
j - a wand of random effects (19) 3 yaks come into view.
The yak bellows!
The yak moves out of view.
A yak and a worker ant come into view.
The yak bellows!
The worker ant twitches its antennae in your direction.
The worker ant waves its antennae.
The worker ant waves its antennae.
You punch the yak! You bite the yak! You drain its power.
The yak barely misses you.
The yak bellows!
You pummel the yak!!
You kill the yak!
Makhleb accepts your kill.
You hear a deafening roar!
A yak comes into view.
The yak moves out of view.
You completely miss the yak. The yak gores you but does no damage.
The yak bellows!
You hit the yak.
A storm dragon comes into view.
You punch the yak! Your bite misses the yak. The yak barely misses you.
You hit the yak. The yak barely misses you.
You hit the yak. Your bite misses the yak. The yak gores you.
You take 5 damage, and have 45/50 hp.
You now have 12/13 mp.
You punch the yak!
You kill the yak!
Makhleb accepts your kill.
You punch the yak! Your punch misses the yak. Your bite misses the yak.
You punch the yak! Your bite misses the yak. The yak closely misses you.
You punch the yak!
You kill the yak!
Makhleb accepts your kill.
You feel better.
You have reached level 10!
Health restored: 55
Aim: a storm dragon The bolt of acid hits the storm dragon.
The storm dragon is splashed with acid.
The bolt of acid misses the worker ant.
The bolt of acid misses the yak.
The now-empty wand crumbles to dust.
The storm dragon bites you. The storm dragon misses you.
The storm dragon tramples you.
You stumble backwards!
You take 7 damage, and have 48/55 hp.
You now have 11/14 mp.
You hit the storm dragon.
You bite the storm dragon, but do no damage.
The storm dragon bites you! The storm dragon claws you!
The storm dragon misses you.
You take 14 damage, and have 34/55 hp.
MASSIVE DAMAGE!!
You now have 7/14 mp.
You are too injured to fight recklessly!
You punch the storm dragon! Your bite misses the storm dragon.
The storm dragon bites you but does no damage.
The storm dragon barely misses you.
The storm dragon tramples you but does no damage.
You hit the storm dragon.
You bite the storm dragon, but do no damage.
The storm dragon breathes lightning at you.
The bolt of lightning hits you!
* * * LOW HITPOINT WARNING * * *
You hear a shout!
You take 20 damage, and have 15/55 hp.
MASSIVE DAMAGE!!
You now have 3/14 mp.
You closely miss the storm dragon. You bite the storm dragon.
You drain its power.
You feel invigorated. The storm dragon barely misses you.
The storm dragon claws you!
* * * LOW HITPOINT WARNING * * *
The storm dragon misses you.
You take 4 damage, and have 11/55 hp.
You regained 3 mp, and now have 6/14 mp.
You punch the storm dragon! The storm dragon bites you!
* * * LOW HITPOINT WARNING * * *
The storm dragon claws you!
You die...

....... ... ..... ... ...
≈≈;≈. #.# Z≈≈≈≈ . #Y#
####≈≈≈. #Y# .# ≈≈≈ #a#
..##≈≈ #D# #y.#;≈ #@#
#..#≈≈ #.# y#≈; #.# ..##
#≈≈ .. #.# #.... ##≈≈ ...
#.##≈≈≈##....##≈≈≈ .(..
#.##.≈≈8##''##8≈≈.
....######.##.≈≈≈.8..8Z≈≈≈.
.)....).....#..≈≈≈...o≈≈≈..
............##..≈≈≈>.≈≈≈..#


You could see a storm dragon, 2 yaks and a worker ant.

Vanquished Creatures
  A spriggan (D:7)
  3 yaks (D:9)
  A steam dragon (D:8)
  A water moccasin (D:5)
  2 porcupines (D:8)
  A black bear (D:8)
  3 orc warriors
  2 ogres (D:8)
  A phantom (D:7)
  4 centaurs
  3 bullfrogs
  3 scorpions
  3 howler monkeys (D:9)
  2 crimson imps
  2 bullfrog zombies
  3 hounds
  A jelly (D:2)
  3 orc priests
  Jessica (D:1)
  An iguana (D:5)
  3 orc wizards
  5 worker ants
  Robin (D:3)
  2 worker ant zombies
  10 adders
  A howler monkey skeleton (D:4)
  A shadow imp (D:8)
  An adder skeleton (D:5)
  An adder zombie (D:5)
  2 worms
  5 leopard geckos
  20 orcs
  A ball python (D:4)
  5 giant cockroaches
  20 goblins
  4 hobgoblins
  16 jackals
  7 kobolds
  3 quokkas
  6 bats
  3 frilled lizards
  A jackal skeleton (D:7)
  A jackal zombie (D:5)
  9 rats
169 creatures vanquished.

Vanquished Creatures (others)
  A jackal (D:6)
1 creature vanquished.

Grand Total: 170 creatures vanquished

Notes
Turn   | Place    | Note
-------+----------+-------------------------------------------
     0 | D:1      | Firecrotchwizard the Vine Stalker Monk began the quest for the Orb.
     0 | D:1      | Reached XP level 1. HP: 11/11 MP: 2/2
   127 | D:1      | Reached XP level 2. HP: 8/16 MP: 1/3
   562 | D:1      | Reached skill level 3 in Fighting
  1306 | D:1      | Reached XP level 3. HP: 15/20 MP: 4/4
  1492 | D:2      | Noticed Jessica
  1510 | D:1      | Killed Jessica
  1510 | D:1      | Reached skill level 4 in Unarmed Combat
  1593 | D:2      | Noticed Sigmund
  1611 | D:2      | Gained mutation: Your natural rate of healing is unusually fast. [Vine Stalker growth]
  1611 | D:2      | Reached XP level 4. HP: 15/24 MP: 3/5
  1963 | D:2      | Reached XP level 5. HP: 23/28 MP: 6/6
  2130 | D:2      | Found a shadowy altar of Dithmenos.
  2151 | D:2      | Reached skill level 5 in Unarmed Combat
  2526 | D:3      | Found a white marble altar of Elyvilon.
  2664 | D:3      | Noticed Robin
  2673 | D:3      | Killed Robin
  2794 | D:3      | Noticed Terence
  2838 | D:3      | Reached skill level 4 in Fighting
  2978 | D:3      | Reached XP level 6. HP: 30/33 MP: 7/7
  3317 | D:4      | Found a burning altar of Makhleb.
  3332 | D:4      | Became a worshipper of Makhleb the Destroyer
  3332 | D:4      | Reached * piety under Makhleb
  3332 | D:4      | Reached ** piety under Makhleb
  3550 | D:4      | Found a shattered altar of Ashenzari.
  3581 | D:4      | Reached skill level 6 in Unarmed Combat
  3858 | D:5      | Entered Level 5 of the Dungeon
  3902 | D:5      | Found a stormy altar of Qazlal.
  3903 | D:5      | Noticed a water moccasin
  3918 | D:5      | Killed a water moccasin
  3920 | D:5      | Gained mutation: You have supernaturally acute eyesight. (SInv) [potion of mutation]
  3920 | D:5      | Gained mutation: Your mind is acute. (Int +2) [potion of mutation]
  3920 | D:5      | Gained mutation: You heal very quickly. [potion of mutation]
  3923 | D:5      | HP: 12/51 [poisoned by a water moccasin]
  3928 | D:5      | HP: 11/51 [poisoned by a water moccasin]
  3933 | D:5      | HP: 11/51 [poisoned by a water moccasin]
  3994 | D:5      | Reached XP level 7. HP: 38/38 MP: 8/8
  4086 | D:5      | Reached skill level 7 in Unarmed Combat
  4835 | D:6      | Reached skill level 5 in Fighting
  4923 | D:6      | Noticed Edmund
  5137 | D:6      | Gained mutation: You have razor-sharp teeth. [Vine Stalker growth]
  5137 | D:6      | Reached XP level 8. HP: 21/43 MP: 5/9
  5227 | D:6      | Found a staircase to the Ecumenical Temple.
  5340 | D:6      | Got a flickering silver ring
  5341 | D:6      | Identified the ring "Wucung" {Fire rN+++ Str-5 Slay+5} (You found it on level 6 of the Dungeon)
  5411 | D:6      | Found a radiant altar of Vehumet.
  5671 | D:7      | Reached skill level 8 in Unarmed Combat
  5767 | D:7      | Reached *** piety under Makhleb
  5775 | D:7      | HP: 8/44 [orc priest/divine providence (11)]
  5784 | D:7      | HP: 6/44 [orc priest/divine providence (11)]
  6194 | D:7      | Reached skill level 6 in Fighting
  6194 | D:7      | Reached skill level 9 in Unarmed Combat
  6379 | D:7      | Noticed a spriggan baker
  6388 | D:7      | Killed a spriggan baker
  6388 | D:7      | Reached skill level 1 in Invocations
  6673 | D:8      | Found Venac's Magic Scroll Emporium.
  6721 | D:8      | Bought a scroll of teleportation for 39 gold pieces
  6756 | D:8      | Reached XP level 9. HP: 46/49 MP: 11/11
  6811 | D:8      | Found Kaakly's Assorted Antiques.
  6833 | D:8      | Reached skill level 2 in Invocations
  6837 | D:8      | Bought a silver ring for 145 gold pieces
  6837 | D:8      | Bought 2 scrolls labeled IGGOGI BYEN for 58 gold pieces
  6918 | D:8      | Reached skill level 10 in Unarmed Combat
  7001 | D:8      | Reached skill level 3 in Invocations
  7092 | D:8      | Found a staircase to the Lair.
  7099 | D:8      | Reached skill level 7 in Fighting
  7428 | D:9      | Reached **** piety under Makhleb
  7428 | D:9      | Reached skill level 3 in Dodging
  7728 | D:9      | Reached skill level 4 in Invocations
  7802 | D:9      | Noticed a storm dragon
  7808 | D:9      | Reached XP level 10. HP: 55/55 MP: 12/14
  7814 | D:9      | HP: 11/55 [storm dragon (5)]
  7815 | D:9      | HP: 2/55 [storm dragon (9)]
  7815 | D:9      | Mangled by a storm dragon

Vault maps used:
D:1:      shiori_arrival_elements, serial_corexii_hall, corexii_hall_statues_i,
          corexii_hall_statues_deadend, corexii_hall_statues_s,
          corexii_hall_statues_deadend, serial_bayou_crossing
D:2:      nicolae_dithmenos_through_a_glass_darkly, first_ration,
          minmay_misc_feat_enclosed, uniq_sigmund, uniq_jessica
D:3:      elyvilon_altar_4, uniq_terence, uniq_robin
D:4:      makhleb_heckhound_becter, evilmike_ruin_ashenzari
D:5:      grunt_qazlal_clouds
D:6:      fiery_altar_vehumet, minmay_temple_entry_statues_fountains,
          serial_curves, eino_curves_03, eino_curves_04, uniq_edmund
D:7:      the_bakery
D:8:      grunt_lair_entry_orc_guard_hut, serial_shops, nicolae_shop_trees,
          nicolae_shop_crystal, minmay_misc_feat_more_columns
D:9:      gammafunk_temple_overflow_wave, kennysheep_island_fort

Skill      XL: |  1  2  3  4  5  6  7  8  9 |
---------------+----------------------------+-----
Fighting       | 3 4 5 6 7 |  7.6
Unarmed Combat | 4 5 6 7 9 10 | 10.0
Invocations    | 1 4 |  4.7
Dodging        | 3 |  3.9
Stealth        | |  2.4

Action                   |  1- 3 |  4- 6 |  7- 9 | 10-12 || total
-------------------------+-------+-------+-------+-------++-------
Melee: Unarmed           |    90 |   209 |   251 |     5 ||   555
       Bite              |    17 |    58 |    69 |     3 ||   147
       Punch             |       |     6 |    17 |       ||    23
Evoke: Wand              |       |     1 |       |     1 ||     2
  Use: Scroll            |     1 |       |     2 |       ||     3
       Potion            |       |     2 |       |       ||     2
 Stab: Sleeping          |     3 |     5 |     2 |       ||    10
       Distracted        |       |       |     2 |       ||     2
  Eat: Chunk             |     1 |     5 |     9 |       ||    15
       Ration            |     1 |       |     1 |       ||     2
Armor: Robe              |    13 |    32 |       |       ||    45
       Ring mail         |       |    43 |    65 |     2 ||   110
Dodge: Dodged            |    51 |   131 |    98 |     5 ||   285

Table legend:
 A = Spawn XP
 B = Non-spawn XP
 C = Spawn XP percentage of total XP
 D = Spawn monster count
 E = Non-spawn monster count
 F = Spawn count percentage of total count
 G = Total turns spent on level
                    A         B        C        D         E        F      G
               +---------+---------+-------+---------+---------+-------+---------
         Total |       0 |    4675 |   0.0 |       0 |     169 |   0.0 |  7815
               +---------+---------+-------+---------+---------+-------+---------
           D:1 |       0 |      71 |   0.0 |       0 |      20 |   0.0 |  1540
           D:2 |       0 |     193 |   0.0 |       0 |      29 |   0.0 |   980
           D:3 |       0 |      64 |   0.0 |       0 |      25 |   0.0 |   726
           D:4 |       0 |     123 |   0.0 |       0 |       9 |   0.0 |   612
           D:5 |       0 |     487 |   0.0 |       0 |      14 |   0.0 |  1031
           D:6 |       0 |     337 |   0.0 |       0 |      10 |   0.0 |   781
           D:7 |       0 |     948 |   0.0 |       0 |      26 |   0.0 |   970
           D:8 |       0 |    1402 |   0.0 |       0 |      22 |   0.0 |   740
           D:9 |       0 |    1050 |   0.0 |       0 |      14 |   0.0 |   435
               +---------+---------+-------+---------+---------+-------+---------

Vault maps used:
D:1:      shiori_arrival_elements, serial_corexii_hall, corexii_hall_statues_i,
          corexii_hall_statues_deadend, corexii_hall_statues_s,
          corexii_hall_statues_deadend, serial_bayou_crossing
D:2:      nicolae_dithmenos_through_a_glass_darkly, first_ration,
          minmay_misc_feat_enclosed, uniq_sigmund, uniq_jessica
D:3:      elyvilon_altar_4, uniq_terence, uniq_robin
D:4:      makhleb_heckhound_becter, evilmike_ruin_ashenzari
D:5:      grunt_qazlal_clouds
D:6:      fiery_altar_vehumet, minmay_temple_entry_statues_fountains,
          serial_curves, eino_curves_03, eino_curves_04, uniq_edmund
D:7:      the_bakery
D:8:      grunt_lair_entry_orc_guard_hut, serial_shops, nicolae_shop_trees,
          nicolae_shop_crystal, minmay_misc_feat_more_columns
D:9:      gammafunk_temple_overflow_wave, kennysheep_island_fort

Table legend:
 A = Turns spent in this place as a percentage of turns spent in the entire game.
 B = Non-inter-level travel turns spent in this place as a percentage of non-inter-level travel turns spent in the entire game.
 C = Inter-level travel turns spent in this place as a percentage of turns spent in this place.
 D = Turns resting spent in this place as a percentage of non-inter-level travel turns spent in this place.
 E = Turns spent auto-exploring this place as a percentage of non-inter-level travel turns spent in this place.
 F = Non-inter-level travel turns spent in this place divided by the number of levels of this place that you've seen.
                   A       B       C       D       E      F
               +-------+-------+-------+-------+-------+----------------------
         Total | 100.0 | 100.0 |   4.9 |  22.2 |  58.9 | 825.6
       Dungeon | 100.0 | 100.0 |   4.9 |  22.2 |  58.9 | 825.6
               +-------+-------+-------+-------+-------+----------------------

Table legend:
 A = Kills in this place as a percentage of kills in entire the game.
 B = Kills by you in this place as a percentage of kills by you in the entire game.
 C = Kills by friends in this place as a percentage of kills by friends in the entire game.
 D = Other kills in this place as a percentage of other kills in the entire game.
 E = Experience gained in this place as a percentage of experience gained in the entire game.
 F = Experience gained in this place divided by the number of levels of this place that you have seen.
                   A       B       C       D       E      F
               +-------+-------+-------+-------+-------+----------------------
         Total | 100.0 | 100.0 |   N/A |   N/A | 100.0 | 519.4
       Dungeon | 100.0 | 100.0 |   N/A |   N/A | 100.0 | 519.4
               +-------+-------+-------+-------+-------+----------------------
